 Dungeon Crawl Stone Soup version 0.24.0-41-g2ae2f7f1be (webtiles) character file.

Game seed: 13620615835312326924, levelgen mode: deterministic

262547 ReteAZ the Severer (level 19, -8/124 HPs)
             Began as a Gargoyle Fighter on Dec 15, 2019.
             Was the Champion of Okawaru.
             Killed from afar by a deep elf annihilator (51 damage)
             ... with a crystal spear
             ... on level 3 of the Elven Halls.
             The game lasted 01:40:35 (35464 turns).

ReteAZ the Severer (Gargoyle Fighter)              Turns: 35464, Time: 01:40:35

Health: -8/124     AC: 44    Str: 26    XL:     19   Next: 99%
Magic:  30/31      EV:  6    Int: 21    God:    Okawaru [******]
Gold:   1955       SH: 16    Dex:  7    Spells: 18/18 levels left

rFire    + + +     SeeInvis .   A - +4 broad axe of Dohe {freeze, +Inv rPois Int+7 Dex-2}
rCold    + . .     Gourm    .   U - +0 shield {AC+3}
rNeg     + . .     Faith    .   N - +0 gold dragon scales
rPois    ∞         Spirit   .   (no helmet)
rElec    +         Reflect  +   O - scarf {repulsion}
rCorr    .         Harm     .   F - +2 pair of gloves {archery}
MR       +....                  x - -1 pair of boots of Vanity {Slay+3}
Stlth    ..........             s - +2 amulet of reflection
HPRegen  0.30/turn              E - +2 ring of protection
MPRegen  0.22/turn              B - ring "Hedema" {rElec rF++ Int+3}

@: about to teleport, finesse, flying, repel missiles
A: big wings, negative energy resistance 1, electricity resistance, unbreathing,
petrification resistance, rot immunity, AC +14
}: 2/15 runes: serpentine, barnacled
a: Stop Flying, Heroism, Finesse, Renounce Religion, Evoke Invisibility


You were on level 3 of the Elven Halls.
You worshipped Okawaru.
Okawaru was exalted by your worship.
You were hungry.

You visited 7 branches of the dungeon, and saw 33 of its levels.
You visited the Abyss 2 times.
You also visited: Volcano.

You collected 3837 gold pieces.
You spent 1882 gold pieces at shops.

Inventory:

Hand Weapons
 a - a +2 war axe of flaming
 r - a +3 broad axe of venom
 t - a +0 war axe of holy wrath
 A - the +4 broad axe of Dohe (weapon) {freeze, +Inv rPois Int+7 Dex-2}
   (Okawaru gifted it to you on level 2 of the Elven Halls)

   It has been specially enchanted to freeze those struck by it, causing extra
   injury to most foes and up to half again as much damage against particularly
   susceptible opponents.
   It can also slow down cold-blooded creatures.
   It affects your intelligence (+7).
   It affects your dexterity (-2).
   It protects you from poison.
   It lets you turn invisible.
Missiles
 T - 27 silver javelins (quivered)
Armour
 b - a +1 pair of boots of running
 c - the +0 cloak of Good Intentions {+Fly rElec rCorr}
   (You bought it in a shop on level 3 of the Shoals)

   It insulates you from electricity.
   It lets you fly.
   It provides partial protection from all sources of acid and corrosion.
 x - the -1 pair of boots of Vanity (worn) {Slay+3}
   (Okawaru gifted it to you on level 1 of the Lair of Beasts)

   It affects your accuracy and damage with ranged weapons and melee attacks
   (+3).
 F - a +2 pair of gloves of archery (worn)
 N - +0 gold dragon scales (worn)
 O - a scarf of repulsion (worn)
 U - a +0 shield of protection (worn)
Jewellery
 e - an uncursed ring of resist corrosion
 s - a +2 amulet of reflection (around neck)
 B - the ring "Hedema" (right hand) {rElec rF++ Int+3}
   (You acquired it on level 2 of the Elven Halls)

   [ring of intelligence]

   It affects your intelligence (+3).
   It greatly protects you from fire.
   It insulates you from electricity.
 C - an uncursed ring of see invisible
 E - a +2 ring of protection (left hand)
 L - an uncursed ring of protection from cold
Wands
 i - a wand of iceblast (10)
 p - a wand of acid (10)
 G - a wand of polymorph (18)
 I - a wand of enslavement (8)
 Q - a wand of disintegration (29)
 V - a wand of scattershot (4)
 Y - a wand of digging (6)
Scrolls
 g - 4 scrolls of enchant weapon
 j - 13 scrolls of teleportation
 k - 6 scrolls of amnesia
 l - 12 scrolls of identify
 n - 11 scrolls of remove curse
 o - 7 scrolls of blinking
 q - 3 scrolls of silence
 u - 2 scrolls of enchant armour
 y - 6 scrolls of magic mapping
 z - 2 scrolls of summoning
 J - a scroll of brand weapon
 K - 3 scrolls of fear
 X - 3 scrolls of fog
Potions
 d - 3 potions of haste
 h - a potion of invisibility
 m - 12 potions of curing
 v - 2 potions of berserk rage
 w - 2 potions of resistance
 D - 3 potions of agility
 H - 5 potions of brilliance
 P - 2 potions of ambrosia
 R - 3 potions of cancellation
 S - 5 potions of might
Comestibles
 f - 53 rations
 M - 8 chunks of flesh


   Skills:
 - Level 15.1 Fighting
 - Level 18.0 Axes
 - Level 15.1 Armour
 - Level 15.0 Shields
 + Level 17.9 Invocations


You had 18 spell levels left.
You didn't know any spells.
Your spell library contained the following spells:

 Spells                   Type           Power        Failure   Level  Hunger
 Beastly Appendage        Tmut           #.....       99%         1    ##.....
 Infusion                 Chrm           #...         99%         1    ##.....
 Magic Dart               Conj           #...         99%         1    ##.....
 Shock                    Conj/Air       #...         99%         1    ##.....
 Blink                    Tloc           N/A          99%         2    ###....
 Call Imp                 Summ           #.......     99%         2    ###....
 Corpse Rot               Necr           N/A          99%         2    ###....
 Shroud of Golubria       Chrm/Tloc      #.....       99%         2    ###....
 Slow                     Hex            #.......     99%         2    ###....
 Song of Slaying          Chrm           #.......     99%         2    ###....
 Sticks to Snakes         Tmut           #.......     99%         2    ###....
 Swiftness                Chrm/Air       #.......     99%         2    ###....
 Conjure Flame            Conj/Fire      #.......     100%        3    ####...
 Mephitic Cloud           Conj/Pois/Air  #.......     100%        3    ####...
 Recall                   Summ/Tloc      N/A          100%        3    ####...
 Regeneration             Chrm/Necr      #.........   100%        3    ####...
 Spectral Weapon          Hex/Chrm       #.......     100%        3    ####...
 Spider Form              Tmut/Pois      #.........   100%        3    ####...
 Static Discharge         Conj/Air       #.......     100%        3    ####...
 Stone Arrow              Conj/Erth      #.....       100%        3    ####...
 Airstrike                Air            #.........   100%        4    #####..
 Animate Dead             Necr           N/A          100%        4    #####..
 Ice Form                 Ice/Tmut       #.......     100%        4    #####..
 Leda's Liquefaction      Hex/Erth       #.........   100%        4    #####..
 Petrify                  Tmut/Erth      #.......     100%        4    #####..
 Summon Lightning Spire   Summ/Air       #.......     100%        4    #####..
 Blade Hands              Tmut           #.........   100%        5    ######.
 Bolt of Magma            Conj/Fire/Erth #.........   100%        5    ######.
 Borgnjor's Vile Clutch   Necr/Erth      #.........   100%        5    ######.
 Lightning Bolt           Conj/Air       #.........   100%        5    ######.
 Silence                  Hex/Air        #.........   100%        5    ######.
 Summon Forest            Summ/Tloc      #.........   100%        5    ######.
 Conjure Ball Lightning   Conj/Air       #.........   100%        6    #######
 Death Channel            Necr           #.........   100%        6    #######
 Deflect Missiles         Chrm/Air       #.........   100%        6    #######
 Dispersal                Tloc           #.........   100%        6    #######
 Hydra Form               Tmut           #.........   100%        6    #######
 Iron Shot                Conj/Erth      #.........   100%        6    #######
 Simulacrum               Ice/Necr       #.........   100%        6    #######
 Malign Gateway           Summ/Tloc      #.........   100%        7    #######
 Summon Hydra             Summ           #.........   100%        7    #######
 Shatter                  Erth           #.........   100%        9    #######
 Tornado                  Air            #.........   100%        9    #######
 Statue Form              Tmut/Erth      Unusable     N/A         6    N/A

Dungeon Overview and Level Annotations

Branches:
Dungeon (13/15)            Temple (1/1) D:6            Lair (6/6) D:10
 Shoals (4/4) Lair:3        Snake (4/4) Lair:3        Slime (0/5) Lair:6
    Orc (2/2) D:11            Elf (3/3) Orc:2       Volcano (visited)
 Vaults: D:13-14

Altars:
Ashenzari
Cheibriados
Dithmenos
Elyvilon
Fedhas
Gozag
Hepliaklqana
Kikubaaqudgha
Makhleb
Nemelex Xobeh
Okawaru
Qazlal
Ru
Sif Muna
Trog
Uskayaw
Vehumet
Wu Jian
Yredelemnul
Zin
The Shining One
Jiyva

Shops:
D:7 *   D:13 *[!:   Orc:2 }**(   Elf:1 }   Shoals:3 ??[[   Snake:4 [}

Annotations:
Shoals:4 1 runed translucent door, Goreval's ghost, adept TrBe


Innate Abilities, Weirdness & Mutations

You are resistant to torment.
Your stone body is resilient. (AC +14)
You are immune to poison.
Your large and strong wings let you fly indefinitely.
You resist negative energy. (rN+)
You are resistant to electric shocks. (rElec)
You can survive without breathing.
You are immune to petrification.
You are immune to rotting.


Message History

The deep elf annihilator casts a spell at you.
The iron shot hits you!!
Your gold dragon scales prevents you from hitting the deep elf annihilator.
The deep elf annihilator is moderately wounded.
You block the +6 halberd of venom's attack.
Okay, then.
As you read the scroll of teleportation, it crumbles to dust.
You feel strangely unstable.
The deep elf annihilator seems less brilliant.
The deep elf annihilator is empowered by something's aura!
The deep elf annihilator mumbles some strange words.
The deep elf annihilator blinks!
You block the +6 halberd of venom's attack.
Okay, then.
As you read the scroll of fog, it crumbles to dust.
The scroll dissolves into smoke.
You block the +6 halberd of venom's attack.
The deep elf annihilator points at you and mumbles some strange words.
The crystal spear hits you!!!
You die... .# ... #.##.## ..)42. eee.

e.. ########### #e###
.##.......## #)#@#
)##........# #(e##
))##......# ##§####
.(.##....# ##.....##
.#..##...###.......#
(##..#...##...........
(###..##...#........#.
)))..(..............#
.####...............#


You could see a deep elf annihilator and a +6 halberd of venom.

Vanquished Creatures
  Vashnia (Snake:2)
  Nikola (Shoals:3)
  Rupert (Lair:4)
  A deep elf blademaster (Elf:3)
  2 tentacled starspawn (Abyss:2)
  Roxanne (Elf:2)
  10 nagarajas
  A deep elf sorcerer (Elf:1)
  Ilsuiw (Shoals:3)
  An orc warlord (Orc:2)
  Aizul (Snake:2)
  A stone giant (Orc:2)
  3 deep elf annihilators
  Snorg (D:11)
  6 merfolk javelineers
  Josephine (Orc:2)
  The ghost of Sondor the Quickloader, a journeyman DsGl of Okawaru (Orc:2)
  A deep elf death mage (Elf:3)
  3 deep elf high priests
  7 merfolk impalers
  Erolcha (D:11)
  Harold (D:12)
  13 naga warriors
  4 hydras
  2 merfolk aquamancers (Shoals:3)
  3 satyrs
  5 anacondas
  5 two-headed ogres
  Erica (D:12)
  30 dancing weapons
  2 merfolk avatars
  2 thrashing horrors (Abyss:2)
  7 shock serpents
  4 orc high priests (Orc:2)
  14 deep elf knights
  Urug (D:12)
  Nergalle (D:10)
  2 fire crabs
  21 naga sharpshooters
  3 salamander mystics
  A titan skeleton (Abyss:2)
  13 sea snakes
  A death drake (shapeshifter) (Elf:3)
  A spatial maelstrom (Abyss:2)
  9 naga ritualists
  3 unseen horrors
  7 deep elf archers
  A wizard (D:12)
  Pikel (D:7)
  7 large abominations
  16 harpies
  A lindwurm (Volcano)
  An orc knight (D:12)
  13 mana vipers
  47 deep elf magi
  A frost giant zombie (Abyss:2)
  4 orc sorcerers
  6 fauns
  An ugly thing (D:11)
  3 cyclopes
  12 salamanders
  15 manticores
  28 black mambas
  An elephant (Lair:6)
  24 naga magi
  An apocalypse crab (Abyss:2)
  10 merfolk sirens
  6 water nymphs
  13 spiny frogs
  A spiny frog (shapeshifter) (Elf:1)
  2 molten gargoyles (Volcano)
  2 orange demons (Abyss:2)
  A gargoyle (D:11)
  6 rime drakes
  A rime drake (shapeshifter) (Elf:3)
  An efreet (D:13)
  A demonic crawler (Abyss:2)
  5 komodo dragons
  An ancient zyme (Abyss:2)
  3 trolls
  6 polar bears
  5 hornets
  27 merfolk
  3 snapping turtles (Shoals:4)
  7 raiju (Abyss:2)
  6 wind drakes
  13 blink frogs
  7 hippogriffs
  An air elemental (Elf:3)
  A shadow (D:12)
  4 centaur simulacra (D:13)
  2 ynoxinuls (Abyss:2)
  2 wyverns (Lair:6)
  A spriggan (D:12)
  8 water elementals
  3 wraiths (Orc:2)
  45 yaks
  A fire elemental (Elf:2)
  A fire bat (Volcano)
  A chaos spawn (Abyss:2)
  6 golden eyes (Abyss:2)
  A hungry ghost (D:13)
  4 steam dragons
  3 small abominations (Abyss:2)
  Grum (Lair:1)
  46 nagas
  6 wargs
  3 insubstantial wisps (Abyss:2)
  12 water moccasins
  A hell hound (Volcano)
  10 porcupines
  2 sky beasts
  7 ice beasts
  21 orc warriors
  A slave (D:7)
  3 black bears
  15 ogres
  16 wolves
  4 phantoms
  7 centaurs
  14 crocodiles
  Blork the orc (D:4)
  2 big kobolds
  13 bullfrogs
  5 earth elementals
  A wyvern skeleton (D:10)
  57 killer bees
  2 scorpions
  10 wights
  A howler monkey (D:4)
  8 lava snakes (Volcano)
  5 crimson imps
  A quasit (Abyss:2)
  11 hounds
  4 centaur skeletons
  2 centaur zombies
  29 orc priests
  5 bullfrog skeletons
  23 orc wizards
  5 iguanas
  12 worker ants
  2 bullfrog simulacra (D:13)
  A hound skeleton (D:5)
  2 worker ant zombies
  4 gnolls (D:4)
  9 adders
  3 shadow imps
  4 white imps (D:13)
  2 ufetubi (D:13)
  2 adder zombies
  3 adder skeletons (D:4)
  7 worms
  A dart slug (D:1)
  5 leopard geckos
  57 orcs
  A ball python (D:2)
  5 giant cockroaches
  6 goblins
  11 hobgoblins
  15 jackals
  25 kobolds
  5 quokkas
  8 bats
  2 frilled lizards
  2 leopard gecko skeletons
  9 rats
  6 fungi
  14 plants
  2 starspawn tentacles (Abyss:2)
1175 creatures vanquished.

Vanquished Creatures (others)
  2 naga sharpshooters (Snake:4)
  A sea snake (Shoals:3)
  A deep elf archer (Elf:3)
  A naga mage (Snake:4)
  A rime drake (Lair:6)
  2 water elementals
  A big kobold (D:11)
  A crimson imp (D:9)
  An iguana (D:7)
  5 fungi (Lair:6)
  7 plants (Lair:6)
  6 starspawn tentacles (Abyss:2)
29 creatures vanquished.

Grand Total: 1204 creatures vanquished

Notes
Turn   | Place    | Note
-------+----------+-------------------------------------------
     0 | D:1      | ReteAZ the Gargoyle Fighter began the quest for the Orb.
     0 | D:1      | Reached XP level 1. HP: 14/14 MP: 1/1
    23 | D:1      | Reached skill level 2 in Axes
    25 | D:1      | Reached XP level 2. HP: 19/19 MP: 2/2
   302 | D:1      | Reached XP level 3. HP: 19/23 MP: 3/3
   753 | D:2      | Found a bloodstained altar of Trog.
   789 | D:2      | Reached XP level 4. HP: 24/29 MP: 4/4
  1329 | D:3      | Reached skill level 3 in Axes
  1594 | D:3      | Reached XP level 5. HP: 33/33 MP: 5/5
  1955 | D:4      | Noticed Blork the orc
  1965 | D:4      | Killed Blork the orc
  2044 | D:4      | Reached XP level 6. HP: 38/38 MP: 6/6
  2125 | D:4      | Noticed a phantom
  2197 | D:4      | Killed a phantom
  2197 | D:4      | Reached skill level 4 in Axes
  2283 | D:4      | Reached XP level 7. HP: 14/44 MP: 2/7
  2443 | D:4      | Reached skill level 5 in Shields
  2512 | D:4      | Reached skill level 5 in Fighting
  2512 | D:4      | Reached skill level 5 in Armour
  2666 | D:4      | Reached skill level 5 in Axes
  2883 | D:4      | Reached XP level 8. HP: 46/49 MP: 8/8
  3279 | D:5      | Entered Level 5 of the Dungeon
  3368 | D:5      | Found a burning altar of Makhleb.
  3494 | D:5      | Got a twisted flail
  3495 | D:5      | Identified the +1 flail of Esafe {crush, +Inv rElec Dex+2
                  | Stlth+} (You found it on level 5 of the Dungeon)
  4513 | D:6      | Found a staircase to the Ecumenical Temple.
  4634 | Temple   | Entered the Ecumenical Temple
  5061 | D:6      | Found a sacrificial altar of Ru.
  5479 | D:7      | Found an iron altar of Okawaru.
  5489 | D:7      | Became a worshipper of Warmaster Okawaru
  5609 | D:7      | Noticed Pikel
  5633 | D:7      | Reached XP level 9. HP: 44/56 MP: 9/9
  5672 | D:7      | Killed Pikel
  5712 | D:7      | Found the +10 Black Knight's horse barding {ponderous,
                  | rPois rN+}
  6011 | D:7      | Reached * piety under Okawaru
  6172 | D:7      | Found Genadaf's Assorted Antiques.
  7213 | D:8      | Noticed a two-headed ogre
  7227 | D:8      | Killed a two-headed ogre
  7227 | D:8      | Reached skill level 6 in Axes
  7227 | D:8      | Reached XP level 10. HP: 57/65 MP: 7/10
  7237 | D:8      | Reached ** piety under Okawaru
  7545 | D:9      | Reached skill level 7 in Axes
  7717 | D:9      | Found a shadowy altar of Dithmenos.
  7810 | D:9      | Reached *** piety under Okawaru
  8242 | D:9      | Reached skill level 1 in Invocations
  8252 | D:9      | Found a hide-covered altar of Uskayaw.
  8388 | D:10     | Entered Level 10 of the Dungeon
  8409 | D:10     | Noticed a two-headed ogre
  8430 | D:10     | Killed a two-headed ogre
  8430 | D:10     | Reached **** piety under Okawaru
  8430 | D:10     | Reached skill level 8 in Axes
  8430 | D:10     | Reached XP level 11. HP: 62/71 MP: 9/12
  8558 | D:10     | Noticed Nergalle
  8579 | D:10     | Killed Nergalle
  8726 | D:10     | Reached ***** piety under Okawaru
  8901 | D:10     | Found a staircase to the Lair.
  9037 | D:11     | Noticed Snorg
  9045 | D:10     | Received a gift from Okawaru
  9199 | Lair:1   | Entered Level 1 of the Lair of Beasts
  9214 | Lair:1   | Reached skill level 9 in Axes
  9220 | Lair:1   | Reached skill level 10 in Armour
  9222 | Lair:1   | Reached skill level 10 in Shields
  9308 | Lair:1   | Reached skill level 10 in Fighting
  9474 | Lair:1   | Received a gift from Okawaru
  9492 | Lair:1   | Got a pair of bloodstained boots {god gift}
  9503 | Lair:1   | Identified the -1 pair of boots of Vanity {Slay+3} (Okawaru
                  | gifted it to you on level 1 of the Lair of Beasts)
  9510 | Lair:1   | Noticed Grum
  9525 | Lair:1   | Killed Grum
  9702 | Lair:1   | Reached XP level 12. HP: 74/77 MP: 15/15
  9828 | Lair:1   | Reached skill level 5 in Invocations
  9944 | Lair:1   | Reached skill level 10 in Axes
 10031 | Lair:1   | Identified the amulet of Verup {Regen+ Int+3}
 10266 | Lair:1   | Reached ****** piety under Okawaru
 10495 | Lair:2   | Noticed a seven-headed hydra
 10508 | Lair:2   | Killed a one-headed hydra
 11214 | Lair:3   | Found a staircase to the Shoals.
 11342 | Lair:3   | Found a staircase to the Snake Pit.
 11878 | Lair:4   | Noticed Rupert
 11886 | Lair:4   | Paralysed by Rupert for 3 turns
 11922 | Lair:4   | Reached skill level 11 in Axes
 11926 | Lair:4   | Killed Rupert
 11926 | Lair:4   | Received a gift from Okawaru
 11926 | Lair:4   | Reached XP level 13. HP: 41/84 MP: 11/18
 12659 | Lair:5   | Received a gift from Okawaru
 12673 | Lair:5   | Got a translucent war axe {god gift}
 12674 | Lair:5   | Identified the +5 war axe "Icsaac" {elec, rElec rN+ Str+2}
                  | (Okawaru gifted it to you on level 5 of the Lair of Beasts)
 12846 | Lair:5   | Found a basalt altar of Yredelemnul.
 13145 | Lair:6   | Entered Level 6 of the Lair of Beasts
 13189 | Lair:6   | Found a viscous altar of Jiyva.
 13189 | Lair:6   | Found a staircase to the Slime Pits.
 13248 | Lair:6   | Found a dark tunnel.
 13523 | Volcano  | Entered a volcano
 14115 | Volcano  | Found a radiant altar of Vehumet.
 14597 | Lair:6   | Reached skill level 12 in Axes
 14659 | Lair:6   | Received a gift from Okawaru
 14843 | Lair:6   | Gained mutation: Your large and strong wings let you fly
                  | indefinitely. [Gargoyle growth]
 14843 | Lair:6   | Reached XP level 14. HP: 71/92 MP: 17/20
 15844 | D:11     | Found a staircase to the Orcish Mines.
 15848 | D:11     | Received a gift from Okawaru
 15849 | D:11     | Got pitted shadow dragon scales {god gift}
 15863 | D:11     | Identified the +0 shadow dragon scales of Repulsion {rElec
                  | Str-4 Dex+6 Stlth++++} (Okawaru gifted it to you on level
                  | 11 of the Dungeon)
 15895 | D:11     | Noticed Erolcha
 16124 | D:11     | Killed Snorg
 16130 | D:11     | Killed Erolcha
 16781 | D:12     | Noticed Harold
 16781 | D:12     | Noticed Urug
 16804 | D:12     | Killed Urug
 16813 | D:12     | Killed Harold
 16814 | D:12     | Noticed Erica
 16828 | D:12     | Killed Erica
 16863 | D:12     | Identified the Compendium of Creative Translocation
 17132 | D:12     | Reached skill level 13 in Axes
 17815 | D:13     | Found Jigg's Antique Armour Shoppe.
 17844 | D:13     | Bought a scorched plate armour for 812 gold pieces
 17854 | D:13     | Identified the cursed +1 plate armour of the Beggar {*Drain
                  | rElec rF+ rN+++} (You bought it in a shop on level 13 of
                  | the Dungeon)
 17880 | D:13     | Found Carin's General Store.
 17904 | D:13     | Bought 2 potions of heal wounds for 190 gold pieces
 18101 | D:13     | Found Poos's Book Shop.
 18131 | D:13     | Found Pofoap's Distillery.
 18555 | Orc:1    | Entered Level 1 of the Orcish Mines
 18592 | Orc:1    | Reached XP level 15. HP: 95/97 MP: 19/22
 18904 | Orc:2    | Entered Level 2 of the Orcish Mines
 18930 | Orc:2    | Noticed an orc warlord
 18932 | Orc:2    | Noticed Josephine
 18941 | Orc:2    | Received a gift from Okawaru
 19163 | Orc:2    | Killed Josephine
 19182 | Orc:2    | Killed an orc warlord
 19193 | Orc:2    | Reached skill level 10 in Invocations
 19213 | Orc:2    | Got a pair of spiked gloves {god gift}
 19219 | Orc:2    | Identified the -7 pair of gloves "Loneut" {*Drain rN+++
                  | Regen+ SInv} (Okawaru gifted it to you on level 2 of the
                  | Orcish Mines)
 19322 | Orc:2    | Found a staircase to the Elven Halls.
 20126 | Orc:2    | Paralysed by an orc sorcerer for 6 turns
 20274 | Orc:2    | Found Wukyurekh's General Store.
 20277 | Orc:2    | Found Weitwyus's Gadget Emporium.
 20286 | Orc:2    | Found Femod's Antique Weapon Shoppe.
 20286 | Orc:2    | Found Poud's Assorted Antiques.
 20414 | Orc:2    | Found a runed translucent gate.
 20415 | Orc:2    | Found a runed translucent gate.
 20420 | Orc:2    | Found a runed translucent gate.
 20424 | Orc:2    | Noticed Sondor's ghost (journeyman DsGl)
 20508 | Orc:2    | Killed Sondor's ghost
 20684 | Orc:2    | Bought a scroll of blinking for 240 gold pieces
 20686 | Orc:2    | Bought a scroll of teleportation for 42 gold pieces
 20860 | Snake:1  | Entered Level 1 of the Snake Pit
 21020 | Snake:1  | Reached skill level 14 in Axes
 21582 | Snake:1  | Received a gift from Okawaru
 22378 | Snake:2  | Noticed a nagaraja
 22399 | Snake:2  | Killed a nagaraja
 22449 | Snake:2  | Noticed a nagaraja
 22480 | Snake:2  | Killed a nagaraja
 22480 | Snake:2  | Reached XP level 16. HP: 83/104 MP: 20/24
 22774 | Snake:2  | Noticed Vashnia
 22800 | Snake:2  | Killed Vashnia
 22988 | Snake:2  | Noticed Aizul
 23016 | Snake:2  | Killed Aizul
 23340 | Snake:2  | You are sucked into a shaft and drop 1 floor!
 23628 | Snake:3  | Noticed a nagaraja
 23642 | Snake:3  | Killed a nagaraja
 23873 | Snake:3  | Received a gift from Okawaru
 23901 | Snake:3  | Reached skill level 15 in Axes
 25000 | Shoals:1 | Entered Level 1 of the Shoals
 25233 | Shoals:1 | Received a gift from Okawaru
 25470 | Shoals:1 | You are sucked into a shaft and drop 1 floor!
 25852 | Shoals:2 | Reached XP level 17. HP: 80/112 MP: 25/25
 26339 | Shoals:3 | Noticed Ilsuiw
 26392 | Shoals:3 | Killed Ilsuiw
 26648 | Shoals:3 | Found Pulilana's Magic Scroll Shoppe.
 26654 | Shoals:3 | Bought a scroll of teleportation for 39 gold pieces
 26654 | Shoals:3 | Bought a scroll of identify for 26 gold pieces
 26654 | Shoals:3 | Bought a scroll of blinking for 97 gold pieces
 26659 | Shoals:3 | Found Hiann's Magic Scroll Emporium.
 26703 | Shoals:3 | Bought a scroll of enchant armour for 142 gold pieces
 26705 | Shoals:3 | Noticed Nikola
 26724 | Shoals:3 | Killed Nikola
 26724 | Shoals:3 | Received a gift from Okawaru
 26784 | Shoals:3 | Found Diyviyko's Armour Emporium.
 26790 | Shoals:3 | Found Esodargh's Antique Armour Shoppe.
 26871 | Shoals:4 | Entered Level 4 of the Shoals
 27435 | Shoals:4 | Reached skill level 16 in Axes
 27584 | Shoals:4 | Found the +12 Vampire's Tooth {vamp}
 27719 | Shoals:4 | Reached skill level 15 in Armour
 27727 | Shoals:4 | Reached skill level 15 in Fighting
 27744 | Shoals:4 | Got a barnacled rune of Zot
 27870 | Shoals:4 | Found a runed translucent door.
 27893 | Shoals:4 | Noticed Goreval's ghost (adept TrBe)
 27894 | Shoals:4 | Found the +8 trident of the Octopus King {venom, rElec
                  | rPois MR+}
 27944 | Shoals:4 | Found a blossoming altar of Fedhas.
 28025 | Shoals:3 | Bought a jewelled cloak for 294 gold pieces
 28035 | Shoals:3 | Identified the cursed +0 cloak of Good Intentions {+Fly
                  | rElec rCorr} (You bought it in a shop on level 3 of the
                  | Shoals)
 28424 | Snake:4  | Entered Level 4 of the Snake Pit
 28467 | Snake:4  | Reached XP level 18. HP: 95/119 MP: 27/27
 28615 | Snake:4  | Received a gift from Okawaru
 28718 | Snake:4  | Reached skill level 15 in Shields
 30089 | Snake:4  | Got a serpentine rune of Zot
 30136 | Snake:4  | Found Jaojuc's Gadget Shop.
 30138 | Snake:4  | Found Lidghis's Gadget Boutique.
 30140 | Snake:4  | Found Iloifah's Armour Shop.
 30475 | Elf:1    | Entered Level 1 of the Elven Halls
 30510 | Elf:1    | Reached skill level 17 in Axes
 30649 | Elf:1    | Found Ymoiw's Gadget Shop.
 31028 | Elf:1    | Cast into level 2 of the Abyss (a deep elf sorcerer)
 31028 | Abyss:2  | Found a corrupted altar of Lugonu.
 31297 | Abyss:2  | Reached skill level 15 in Invocations
 31416 | Abyss:2  | Reached XP level 19. HP: 71/124 MP: 30/30
 31467 | Elf:1    | Escaped the Abyss
 31900 | Elf:1    | Cast into level 2 of the Abyss (a deep elf sorcerer)
 32119 | Elf:1    | Escaped the Abyss
 32133 | Elf:1    | Received a gift from Okawaru
 32305 | Elf:1    | Identified the ring of the City {*Drain *Slow +Fly rPois
                  | rC++}
 33138 | Elf:2    | Identified Roxanne's Tome of Stones
 33138 | Elf:2    | Noticed Roxanne
 33155 | Elf:2    | Killed Roxanne
 33212 | Elf:2    | Identified a scroll of acquirement
 33272 | Elf:2    | Got a scintillating copper ring
 33274 | Elf:2    | Identified the ring "Hedema" {rElec rF++ Int+3} (You
                  | acquired it on level 2 of the Elven Halls)
 33581 | Elf:2    | Identified a +1 pair of boots of running (You found it on
                  | level 2 of the Elven Halls)
 33716 | Elf:2    | Found a huge runed translucent gate.
 33716 | Elf:2    | Found a huge runed translucent gate.
 33716 | Elf:2    | Found a huge runed translucent gate.
 33726 | Elf:2    | Found a huge runed translucent gate.
 33726 | Elf:2    | Found a huge runed translucent gate.
 34010 | Elf:2    | Reached skill level 18 in Axes
 34633 | Elf:2    | Received a gift from Okawaru
 34636 | Elf:2    | Got a twisted broad axe {god gift}
 34637 | Elf:2    | Identified the +4 broad axe of Dohe {freeze, +Inv rPois
                  | Int+7 Dex-2} (Okawaru gifted it to you on level 2 of the
                  | Elven Halls)
 34730 | Elf:3    | Entered Level 3 of the Elven Halls
 35464 | Elf:3    | Killed from afar by a deep elf annihilator

Levels and vault maps discovered:
D:1:      minmay_arrival_checkered_box, layout_rooms
D:2:      layout_rooms, lemuel_round_altar
D:3:      layout_basic
D:4:      cheibrodos_barr_body, layout_basic, nicolae_overflow_hidden_temple,
          first_ration, minmay_strange_pillars, minmay_between,
          uniq_blork_the_orc
D:5:      layout_gridville, overflow_temple_1_default
D:6:      layout_basic, kennysheep_mini_moat, temple_fountains
D:7:      minmay_inner_zag, layout_layer_cave, overflow_temple_1_default,
          serial_shops, nicolae_shop_waterfront, uniq_pikel
D:8:      layout_rooms
D:9:      layout_loops_ring, kennysheep_little_box,
          nicolae_dithmenos_through_a_glass_darkly
D:10:     layout_loops_ring, lair_entry_dummy, uniq_nergalle
D:11:     layout_small_grid, orc_0_dummy, uniq_snorg, uniq_erolcha
D:12:     layout_loops_corners, the_bakery, sword_in_stone
D:13:     layout_irregular_city, serial_ice, serial_ice_c, serial_ice_e,
          serial_ice_j, serial_ice_m, serial_ice_o, serial_ice_b, serial_ice_a,
          serial_ice_f, serial_ice_g, serial_ice_h, serial_shops,
          nicolae_shop_temple_entry_statues_fountains, shop, shop,
          kennysheep_mini, chequers_serial_rivers_micro_c
Temple:   regret_index_temple_generic_petals
Lair:1:   wad_woods_minihive, layout_hall_layers, beast_lair_carwin_9, uniq_grum
Lair:2:   layout_regular_city, minmay_hedge_maze
Lair:3:   layout_hall_layers, shoals_dummy_entry,
          minmay_snake_entry_guardpost_small, chequers_serial_rivers_small_a
Lair:4:   layout_loops_ring, uniq_rupert
Lair:5:   layout_cave_shapes, basic_altar
Lair:6:   gammafunk_lair_ancient_temple, layout_small_grid, slime_altar_1,
          nicolae_volcano_entry_two_sided, uniq_urug
Shoals:1: layout_shoals
Shoals:2: layout_shoals
Shoals:3: layout_shoals, serial_shops, shop_statue, shop,
          nicolae_shop_statue_plus, nicolae_shop_waterfront, uniq_ilsuiw,
          uniq_nikola
Shoals:4: shoals_end_simple, layout_shoals, ebering_ghost_reflecting_pool,
          lemuel_altar_in_water
Snake:1:  layout_onion, lemuel_fruit_tree
Snake:2:  layout_chambers, uniq_aizul, uniq_vashnia
Snake:3:  layout_grid_shapes
Snake:4:  snake_pit, layout_rooms, minmay_shop_star
Orc:1:    layout_caves
Orc:2:    st_orc_mages, layout_caves, gammafunk_ghost_split, uniq_josephine
Elf:1:    eino_elf_arrival_shootout, layout_loops_corners, serial_shops, shop,
          kennysheep_underground_church
Elf:2:    layout_gridlike, st_stairs_5, uniq_roxanne
Elf:3:    minmay_elf_hall_circle, layout_rooms

Skill      XL: |  1  2  3  4  5  6  7  8  9 10 11 12 13 14 15 16 17 18 19 |
---------------+----------------------------------------------------------+-----
Axes           | 2 3 4 5 6 8 9 11 12 13 14 15 16 17 18 | 18.0
Shields        | 4 5 6 8 9 10 11 12 13 14 15 | 15.0
Armour         | 4 5 6 8 9 10 11 12 13 14 15 | 15.1
Fighting       | 4 5 6 8 9 10 11 12 13 14 15 | 15.1
Invocations    | 1 4 6 8 9 10 11 12 15 17 | 17.9

Action                   |  1- 3 |  4- 6 |  7- 9 | 10-12 | 13-15 | 16-18 | 19-21 || total
-------------------------+-------+-------+-------+-------+-------+-------+-------++-------
Melee: War axe           |   147 |   183 |   211 |   728 |  1107 |   879 |   235 ||  3490
       Flail             |       |       |   296 |       |       |       |       ||   296
       Battleaxe         |       |       |       |       |    63 |       |       ||    63
       Broad axe         |       |       |       |       |       |   497 |   435 ||   932
Throw: Javelin           |       |       |     1 |     5 |     6 |     1 |       ||    13
Invok: Heroism           |       |       |       |     2 |     3 |     2 |     1 ||     8
       Finesse           |       |       |       |       |     8 |    12 |     5 ||    25
 Abil: Fly               |       |       |       |       |     1 |       |       ||     1
Evoke: Wand              |       |       |       |     2 |       |       |       ||     2
  Use: Potion            |       |     1 |     3 |       |     3 |     4 |     4 ||    15
       Scroll            |       |       |       |    13 |    17 |    10 |     4 ||    44
 Stab: Sleeping          |       |       |       |       |     6 |       |       ||     6
       Distracted        |       |       |       |       |     1 |       |       ||     1
  Eat: Chunk             |       |     5 |    17 |    16 |    22 |    12 |     4 ||    76
       Ration            |       |       |       |       |     4 |     6 |     2 ||    12
Armor: Scale mail        |   147 |    68 |       |       |       |       |       ||   215
       Plate armour      |       |    49 |   390 |   507 |   427 |   545 |       ||  1918
       Shadow dragon sca |       |       |       |       |    74 |       |       ||    74
       Gold dragon scale |       |       |       |       |       |    81 |   264 ||   345
Dodge: Dodged            |    62 |    39 |   127 |   264 |   345 |   298 |    60 ||  1195
       Deflected         |       |       |       |     5 |    24 |    83 |    12 ||   124
Block: Shield            |   116 |   102 |   361 |   583 |   587 |   813 |   294 ||  2856
       Reflection        |       |       |       |       |       |    73 |    30 ||   103
